 Dungeon Crawl Stone Soup version 0.21.1-1-g345015f (webtiles) character file.

52 letownia2 the Poker (level 3, -1/27 HPs)
             Began as a Merfolk Skald on Mar 11, 2018.
             Slain by a gnoll
             ... wielding a +0 flail
              (10 damage)
             ... on level 2 of the Dungeon.
             The game lasted 00:03:17 (568 turns).

letownia2 the Poker (Merfolk Skald)                  Turns: 568, Time: 00:03:17

Health: -1/27      AC:  3    Str: 11    XL:     3   Next: 85%
Magic:  1/6        EV: 12    Int: 13    God:
Gold:   110        SH:  0    Dex: 13    Spells: 3/6 levels left

rFire    . . .     SeeInvis .   a - +0 spear
rCold    . . .     Gourm    .   (no shield)
rNeg     . . .     Faith    .   p - +0 leather armour
rPois    .         Spirit   .   (no helmet)
rElec    .         Reflect  .   (no cloak)
rCorr    .         Harm     .   (no gloves)
MR       .....                  (no boots)
Stlth    +.........             m - amulet of regeneration
HPRegen  0.49/turn              (no ring)
MPRegen  0.10/turn              (no ring)

@: very slightly contaminated
A: change form in water, swift swim, stealthy swim
a: no special abilities


You were on level 2 of the Dungeon.
You were not hungry.

You visited 1 branch of the dungeon, and saw 4 of its levels.

You collected 110 gold pieces.

Inventory:

Hand Weapons
 a - a +0 spear (weapon)
 b - a +0 whip of electrocution
Armour
 g - a +0 scale mail
 p - a +0 leather armour (worn)
Jewellery
 m - an amulet of regeneration (around neck)
Scrolls
 f - a scroll of fog {unknown}
 h - a scroll of amnesia {unknown}
 j - a scroll of identify {unknown}
 k - 2 scrolls of teleportation {unknown}
 o - a scroll of immolation {unknown}
 r - a scroll of enchant weapon {unknown}
Potions
 e - 4 potions of flight {unknown}
 i - 2 potions of lignification {unknown}
 l - 2 potions of curing {unknown}
 n - a potion of might {unknown}
 q - a potion of heal wounds {unknown}
Books
 c - a book of Battle

   Spells                             Type                      Level
   a - Infusion                       Charms                       1
   b - Shroud of Golubria             Charms/Translocation         2
   c - Song of Slaying                Charms                       2
   d - Spectral Weapon                Hexes/Charms                 3
   e - Regeneration                   Charms/Necromancy            3
Comestibles
 d - 3 rations


   Skills:
 - Level 2.1 Fighting
 + Level 5.5 Polearms
 - Level 0.6 Armour
 - Level 2.6 Dodging
 - Level 2.0 Spellcasting
 - Level 3.2 Charms
 + Level 0.9 Translocations


You had 3 spell levels left.
You knew the following spells:

 Your Spells              Type           Power        Failure   Level  Hunger
a - Infusion              Chrm           #...         9%          1    ##.....
t - Shroud of Golubria    Chrm/Tloc      #.........   22%         2    ###....


Dungeon Overview and Level Annotations

Branches:
Dungeon (4/15)
 Temple: D:4-7

Altars:
Okawaru


Message History

You climb upwards.
Found a white potion.
There is a stone staircase leading down here.
Unknown command.
Unknown command.
Casting: Shroud of Golubria
Confirm with . or Enter, or press ? or * to list all spells.
You miscast Shroud of Golubria.
You are very lightly contaminated with residual magic.
Nothing appears to happen.
The gnoll hits you with a flail!
You hit the gnoll but do no damage.
The gnoll is moderately wounded.
You closely miss the gnoll.
The gnoll is moderately wounded.
The gnoll hits you with a flail.
* * * LOW HITPOINT WARNING * * *
You hit the gnoll.
The gnoll is heavily wounded.
The gnoll hits you with a flail!
You die...

##...... ##..##.#. ##
#...##... ..
###..#>##... .#
....##.##.## ####
.##..#........#
.....###....###....####
........g.........##
#@......##..
#.!.....#...
#.........## #......$..
#.......# #.......#
#.......# #.......#


You could see a gnoll.

Vanquished Creatures
  A worker ant (D:4)
  A leopard gecko (D:1)
  An orc (D:3)
  6 bats
  A giant cockroach (D:3)
  5 goblins
  A hobgoblin (D:1)
  5 kobolds
  A quokka (D:3)
  4 rats
26 creatures vanquished.

Notes
Turn   | Place    | Note
-------+----------+-------------------------------------------
     0 | D:1      | letownia2 the Merfolk Skald began the quest for the Orb.
     0 | D:1      | Reached XP level 1. HP: 16/16 MP: 3/3
    95 | D:1      | Reached skill level 4 in Polearms
    95 | D:1      | Reached XP level 2. HP: 21/22 MP: 0/5
   229 | D:2      | Learned a level 2 spell: Shroud of Golubria
   407 | D:3      | Reached skill level 5 in Polearms
   407 | D:3      | Reached XP level 3. HP: 27/27 MP: 0/6
   500 | D:4      | Noticed an ogre
   533 | D:3      | Found an iron altar of Okawaru.
   568 | D:2      | Slain by a gnoll

Skill      XL: |  1  2 |
---------------+-------+-----
Polearms       | 4 5 |  5.5
Fighting       | |  2.1
Armour         | |  0.6
Dodging        | |  2.6
Spellcasting   | |  2.0
Charms         | |  3.2
Translocations | |  0.9

Action                   || total
-------------------------++-------
Melee: Spear             ||    95
 Cast: Infusion          ||     5
       Shroud of Golubri ||     7
Armor: Leather armour    ||    17
Dodge: Dodged            ||    50
